 Dungeon Crawl Stone Soup version 0.18-a0-952-g309898a (webtiles) character file.

23272 tof the Nimble (level 12, -3/97 HPs)
             Began as a Demonspawn Monk on Dec 30, 2015.
             Was a High Priest of Nemelex Xobeh.
             Slain by a death yak (20 damage)
             ... on level 5 of the Lair of Beasts.
             The game lasted 01:31:40 (13839 turns).

tof the Nimble (Demonspawn Monk)                   Turns: 13839, Time: 01:31:40

Health: -3/97      AC: 20    Str: 13    XL:     12   Next: 70%
Magic:  18/18      EV: 13    Int: 12    God:    Nemelex Xobeh [*****.]
Gold:   756        SH:  0    Dex: 24    Spells: 0 memorised, 11 levels left

rFire  . . .     SeeInvis .     a - +6 dagger (vamp)
rCold  + + .     Gourm    .     V - +2 chain mail {rC+}
rNeg   . . .     Faith    .     (no shield)
rPois  +         Spirit   .     (helmet unavailable)
rElec  .         Dismiss  +     y - +1 cloak
rCorr  .         Reflect  .     q - +0 pair of gloves
SustAt .         Harm     .     L - +1 pair of boots
MR     .....                    u - amulet of dismissal
Stlth  +.........               (no ring)
                                J - +5 ring of dexterity

@: not resistant to hostile enchantments, very unstealthy
A: horns 3, rugged brown scales 1, cold resistance 1, demonic guardian 1, poison
resistance, powered by death 2, subdued magic 1
a: Triple Draw, Deal Four, Stack Five, Renounce Religion


You were on level 5 of the Lair of Beasts.
You worshipped Nemelex Xobeh.
Nemelex Xobeh was extremely pleased with you.
You were not hungry.

You visited 2 branches of the dungeon, and saw 13 of its levels.
You also visited: Ossuary.

You collected 756 gold pieces.

Inventory:

Hand Weapons
 a - a +6 vampiric dagger (weapon)
Armour
 q - a +0 pair of gloves (worn)
 y - a +1 cloak (worn)
 C - the +1 leather armour of Beauty {+Blink rCorr}
   (You found it on level 4 of the Lair of Beasts)

   It lets you blink.
   It protects you from acid and corrosion.
 L - a +1 pair of boots (worn)
 V - a +2 chain mail of cold resistance (worn)
Jewellery
 u - an amulet of dismissal (around neck)
 J - a +5 ring of dexterity (left hand)
Wands
 H - a wand of fireball (7/15)
 I - a wand of fire (9/15)
 X - a wand of confusion (32/48)
Scrolls
 c - 6 scrolls of remove curse
 f - 2 scrolls of magic mapping
 i - 9 scrolls of identify
 j - a scroll of teleportation
 r - 5 scrolls of recharging
 B - 2 scrolls of fog
 M - 2 scrolls of amnesia
Potions
 h - 3 potions of agility
 k - 6 potions of might
 D - 7 potions of curing
 G - 2 potions of heal wounds
 P - a potion of berserk rage {unknown}
 Z - a potion of flight {unknown}
Miscellaneous
 b - a legendary deck of destruction
 g - a plain deck of destruction {drawn: 4}
 l - a fan of gales
 s - a plain deck of escape {drawn: 1}
 t - a legendary deck of escape
 w - a legendary deck of destruction
 x - an ornate deck of destruction
 A - a plain deck of escape
 E - a plain deck of war {drawn: 5}
 K - a plain deck of destruction
 O - an ornate deck of war
 Q - an ornate deck of destruction
 T - a phial of floods
 W - an ornate deck of destruction {the Storm}
 Y - a legendary deck of war
Comestibles
 d - 4 meat rations
 e - 8 bread rations
 m - 2 beef jerkies
 n - 7 slices of pizza
 z - 14 fruits


   Skills:
 + Level 9.0 Fighting
 * Level 8.0 Short Blades
 + Level 9.6 Armour
 + Level 10.0 Dodging
 + Level 5.4 Stealth
 + Level 3.8 Unarmed Combat
 * Level 8.6 Evocations


You had 11 spell levels left.
You didn't know any spells.

Dungeon Overview and Level Annotations

Branches:
Dungeon (9/15)               Lair (5/8) D:9          Spider (0/4) Lair:5
 Temple: D:4-7        Swamp: Lair:3-6    Shoals: Lair:3-6       Orc: D:9-12

Altars:
Cheibriados
Fedhas
Kikubaaqudgha
Nemelex Xobeh
Pakellas
Ru
Sif Muna
Vehumet
Zin

Shops:
D:4 *


Innate Abilities, Weirdness & Mutations

You have a pair of large horns on your head.
You are partially covered in rugged brown scales (AC +1, +3% HP).
A weak demonic guardian rushes to your aid.
You regenerate health from kills.
Your flesh is cold resistant.
Your system is resistant to poisons.
Your spells are a little easier to cast, but a little less powerful.


Message History

Gang up on whom?
Press: ? - help, Dir - move target cursor, f - death yak
Aim: a death yak (heavily wounded) Attack!
Your hell hound bites the death yak but does no damage.
The death yak gores your crimson imp!!
Your crimson imp dies!
Your hell hound barely misses the death yak.
Your hell hound bites the death yak but does no damage.
The death yak barely misses your hell hound.
The death yak gores your hell hound.
You feel a little less agile now.
Your hell hound bites the death yak!
The death yak gores your hell hound!! The death yak gores your hell hound!
Your hell hound dies!
Your hell hound's corpse disappears in a puff of smoke!
The death yak is no longer weakened.
The death yak gores you!!
You die...
Your body glows with a rainbow of weird colours and disappears.

#...## #. ##..# ## ####
#. ### #. #### ##.# #.
#P.########.## ##.
#...#P##.#...### #.#
##.....##.......######.
#P....@...<........##..
##...Y.............#P..
##........#............
#...Y...P.###..#P#.....
#.........# #.#####.PPP
#...Y.Y...# ### #####
##.......P# ###
#......### #.####
##.......# ##..#..


You could see 4 death yaks.

Vanquished Creatures
  A griffon (Lair:3)
  An elephant (Lair:5)
  4 black mambas
  3 torpor snails (Lair:1)
  8 spiny frogs
  6 komodo dragons
  A troll (D:8)
  28 blink frogs
  A boulder beetle (Lair:5)
  A trapdoor spider (D:8)
  A basilisk (Lair:1)
  A spriggan (Lair:5)
  A wyvern (D:9)
  3 hippogriffs
  A hog (D:8)
  A human (D:8)
  2 wolves (Lair:1)
  9 water moccasins
  Duvessa (D:7)
  6 porcupines
  An orc warrior (D:8)
  A phantom (D:8)
  An ice beast (D:9)
  An ogre (D:9)
  2 big kobolds (D:9)
  9 giant frogs
  10 crocodiles
  A gnoll sergeant (D:9)
  Dowan (D:7)
  11 scorpions
  6 wights
  A quasit (D:9)
  3 crimson imps
  3 centaur zombies (Ossuary)
  4 human zombies (Ossuary)
  3 hounds
  Crazy Yiuf (D:7)
  4 orc wizards
  An orc priest (D:4)
  Natasha (twice) (D:3)
  A worker ant (D:4)
  6 iguanas
  7 sheep
  A big kobold zombie (Ossuary)
  3 mummies (Ossuary)
  A worker ant zombie (D:8)
  3 gnolls (D:9)
  46 river rats
  3 scorpion zombies (Ossuary)
  5 adders
  An ooze (D:2)
  An adder zombie (D:9)
  A worm (D:2)
  5 giant geckos
  17 orcs
  A ball python (D:3)
  4 giant cockroaches
  8 goblins
  6 hobgoblins
  4 jackals (D:4)
  21 kobolds
  A quokka (D:9)
  13 bats
  2 giant gecko skeletons
  5 giant newts
  A gnoll zombie (Ossuary)
  A goblin zombie (Ossuary)
  2 hobgoblin zombies (Ossuary)
  2 kobold zombies (Ossuary)
  2 rats
320 creatures vanquished.

Vanquished Creatures (collateral kills)
  Gastronok (Lair:1)
  Harold (Lair:1)
  A hydra (Lair:4)
  An oklob plant (Lair:4)
  Joseph (D:7)
  3 elephants (Lair:5)
  A torpor snail (Lair:1)
  2 blink frogs
  A wolf (Lair:1)
  A water moccasin (Lair:4)
  An orc warrior (D:7)
  A phantom (D:7)
  2 ogres
  A big kobold (D:7)
  2 giant frogs
  4 wights (D:7)
  An orc priest (D:3)
  A quasit (D:7)
  Natasha (D:3)
  An orc wizard (D:3)
  A big kobold zombie (Ossuary)
  A gnoll (D:9)
  5 river rats (Lair:1)
  A worm (D:3)
  7 orcs
  2 hobgoblins (D:3)
  2 kobolds (D:7)
  An orc zombie (Ossuary)
48 creatures vanquished.

Vanquished Creatures (others)
  An orc wizard (D:7)
  An orc (D:7)
  9 fungi
  A plant (Lair:5)
12 creatures vanquished.

Grand Total: 380 creatures vanquished

Notes
Turn   | Place    | Note
--------------------------------------------------------------
     0 | D:1      | tof the Demonspawn Monk began the quest for the Orb.
     0 | D:1      | Reached XP level 1. HP: 18/18 MP: 1/1
   268 | D:1      | Gained mutation: A weak demonic guardian rushes to your aid. [demonic ancestry]
   268 | D:1      | Reached XP level 2. HP: 24/24 MP: 2/2
  1422 | D:1      | Gained mutation: You have a pair of small horns on your head. [demonic ancestry]
  1422 | D:1      | Reached XP level 3. HP: 16/29 MP: 3/3
  2051 | D:2      | Found a sparkling altar of Nemelex Xobeh.
  2070 | D:2      | Found a faded altar to an unknown god.
  2102 | D:2      | Became a worshipper of Nemelex Xobeh the Trickster
  2102 | D:2      | Received a gift from Nemelex Xobeh
  2102 | D:2      | Reached * piety under Nemelex Xobeh
  2102 | D:2      | Received a gift from Nemelex Xobeh
  2102 | D:2      | Reached ** piety under Nemelex Xobeh
  2247 | D:2      | Found a deep blue altar of Sif Muna.
  2847 | D:2      | Gained mutation: You regenerate a little health from kills. [demonic ancestry]
  2847 | D:2      | Reached XP level 4. HP: 35/35 MP: 4/4
  3061 | D:3      | Noticed Natasha
  3074 | D:3      | Killed Natasha
  3074 | D:3      | Reached skill level 1 in Armour
  3074 | D:3      | Reached XP level 5. HP: 24/41 MP: 5/5
  3149 | D:3      | Noticed Natasha
  3154 | D:3      | Killed Natasha
  3154 | D:3      | Reached skill level 4 in Dodging
  3195 | D:3      | Received a gift from Nemelex Xobeh
  3303 | D:3      | Noticed Natasha
  3355 | D:3      | Killed Natasha
  3402 | D:3      | Found a sacrificial altar of Ru.
  3542 | D:3      | Found an oddly glowing altar of Pakellas.
  3730 | D:4      | Reached skill level 1 in Short Blades
  3730 | D:4      | Gained mutation: You regenerate health from kills. [demonic ancestry]
  3730 | D:4      | Reached XP level 6. HP: 48/48 MP: 6/6
  3818 | D:4      | Received a gift from Nemelex Xobeh
  3990 | D:4      | Reached *** piety under Nemelex Xobeh
  3998 | D:4      | Found an ancient bone altar of Kikubaaqudgha.
  3999 | D:4      | Found a blossoming altar of Fedhas.
  4198 | D:4      | Found Iclamat's Assorted Antiques.
  4227 | D:4      | Received a gift from Nemelex Xobeh
  4286 | D:4      | You fall through a shaft for 3 floors!
  4336 | D:7      | Noticed Duvessa
  4340 | D:7      | Found a sand-covered staircase.
  4345 | Ossuary  | Entered an ossuary
  4400 | Ossuary  | Reached skill level 5 in Dodging
  4407 | Ossuary  | Reached XP level 7. HP: 47/54 MP: 7/7
  4668 | Ossuary  | Reached skill level 6 in Dodging
  4697 | Ossuary  | Reached skill level 1 in Evocations
  4771 | Ossuary  | Reached XP level 8. HP: 58/61 MP: 7/9
  4927 | D:7      | Noticed Crazy Yiuf
  4943 | D:7      | Killed Crazy Yiuf
  5009 | D:7      | Noticed Dowan
  5026 | D:7      | Killed Duvessa
  5037 | D:7      | Killed Dowan
  5076 | D:7      | Noticed Joseph
  5092 | D:7      | Killed Joseph
  5092 | D:7      | Reached skill level 7 in Dodging
  5324 | D:7      | Received a gift from Nemelex Xobeh
  5509 | D:7      | Reached skill level 5 in Fighting
  5511 | D:7      | Gained mutation: You have a pair of horns on your head. [demonic ancestry]
  5511 | D:7      | Reached XP level 9. HP: 31/68 MP: 12/12
  6151 | D:8      | HP: 3/68 [troll (9)]
  6179 | D:8      | Found a deep blue altar of Sif Muna.
  6179 | D:8      | HP: 3/68 [troll (5)]
  6489 | D:8      | Received a gift from Nemelex Xobeh
  6498 | D:8      | Reached skill level 8 in Dodging
  6541 | D:8      | Found a radiant altar of Vehumet.
  6543 | D:8      | Reached **** piety under Nemelex Xobeh
  6728 | D:8      | Found a snail-covered altar of Cheibriados.
  6856 | D:8      | Reached skill level 5 in Evocations
  7388 | D:9      | Reached skill level 5 in Armour
  7427 | D:9      | Found a sacrificial altar of Ru.
  7467 | D:9      | Received a gift from Nemelex Xobeh
  7529 | D:9      | Found a glowing silver altar of Zin.
  7630 | D:9      | Reached XP level 10. HP: 74/76 MP: 14/14
  7933 | D:9      | Found a staircase to the Lair.
  7938 | Lair:1   | Entered Level 1 of the Lair of Beasts
  7938 | Lair:1   | Received a gift from Nemelex Xobeh
  7938 | Lair:1   | Noticed Harold
  7953 | Lair:1   | Killed Harold
  7957 | Lair:1   | Noticed Gastronok
  7977 | Lair:1   | Killed Gastronok
  8021 | Lair:1   | Reached skill level 9 in Dodging
  8220 | Lair:1   | Found a snail-covered altar of Cheibriados.
  8536 | Lair:1   | Reached skill level 5 in Short Blades
  8605 | Lair:1   | Gained mutation: You have a pair of large horns on your head. [demonic ancestry]
  8605 | Lair:1   | Reached XP level 11. HP: 68/84 MP: 16/16
  9402 | Lair:2   | Received a gift from Nemelex Xobeh
  9482 | Lair:2   | Reached ***** piety under Nemelex Xobeh
  9526 | Lair:2   | Reached skill level 5 in Stealth
  9921 | Lair:3   | Received a gift from Nemelex Xobeh
 11235 | Lair:3   | Gained mutation: You are partially covered in rugged brown scales (AC +1, +3% HP). [demonic ancestry]
 11235 | Lair:3   | Reached XP level 12. HP: 73/94 MP: 17/17
 11284 | Lair:3   | Received a gift from Nemelex Xobeh
 11425 | Lair:4   | Got a transparent leather armour
 11426 | Lair:4   | Identified the +1 leather armour of Beauty {+Blink rCorr} (You found it on level 4 of the Lair of Beasts)
 11672 | Lair:4   | Received a gift from Nemelex Xobeh
 12096 | Lair:4   | Received a gift from Nemelex Xobeh
 12326 | Lair:4   | Noticed a five-headed hydra
 12333 | Lair:4   | Killed a five-headed hydra
 12431 | Lair:5   | Found a hole to the Spider Nest.
 12620 | Lair:5   | Received a gift from Nemelex Xobeh
 12627 | Lair:5   | Gained mutation: Your spells are a little easier to cast, but a little less powerful. [potion of mutation]
 12627 | Lair:5   | Gained mutation: Your flesh is cold resistant. [potion of mutation]
 12627 | Lair:5   | Gained mutation: Your system is resistant to poisons. [potion of mutation]
 12897 | Lair:5   | Received a gift from Nemelex Xobeh
 13006 | Lair:5   | Reached skill level 10 in Dodging
 13839 | Lair:5   | Slain by a death yak

Vault maps used:
D:1:      dpeg_arrival_rooms_a, hangedman_decor_push
D:2:      lemuel_doored_altar, lemuel_crystal_altar, ecumenical_altar_2,
          st_stairs_8
D:3:      grunt_pakellas_sulfur, nicolae_ru_sacrificial_ziggurat, first_bread,
          corexii_corridor_pit, uniq_natasha
D:4:      grunt_temple_overflow_growth_and_decay, serial_shops,
          nicolae_shop_waterfront
D:6:      temple_fountains, uniq_blork_the_orc
D:7:      enter_ossuary_2, uniq_crazy_yiuf_cottage, uniq_joseph, uniq_duvessa
D:8:      lemuel_crystal_altar, basic_altar, grunt_livestock, led_sif_pool
D:9:      zin_statuary, lair_0_dummy, basic_altar
Lair:1:   kennysheep_snail_temple, lemuel_fruit_fields, grunt_megastairs_2,
          uniq_gastronok, uniq_harold
Lair:2:   infiniplex_staircase_pool
Lair:3:   grunt_megastairs_5, lemuel_fruit_fields
Lair:5:   dummy_spider_entry, grunt_forest_large_clearing_hut
Ossuary:  ossuary_minmay_scorpions

Action                   |  1- 3 |  4- 6 |  7- 9 | 10-12 || total
-------------------------+-------+-------+-------+-------++-------
Melee: Unarmed           |    14 |       |       |       ||    14
       Club              |    31 |       |       |       ||    31
       Short sword       |    23 |       |       |       ||    23
       Dagger            |    86 |   248 |   717 |  1055 ||  2106
Evoke: Deck              |       |     2 |    10 |    16 ||    28
  Use: Potion            |       |       |     8 |     6 ||    14
       Scroll            |       |       |    28 |     5 ||    33
 Stab: Sleeping          |     7 |     2 |     1 |       ||    10
       Distracted        |       |       |     6 |    10 ||    16
  Eat: Chunk             |     4 |     4 |     6 |    15 ||    29
       Fruit             |     2 |     5 |     2 |       ||     9
       Pizza             |       |     1 |       |       ||     1
       Bread ration      |       |       |     1 |       ||     1
       Royal jelly       |       |       |       |     3 ||     3
